 Dungeon Crawl Stone Soup version 0.23.2-30-g0e89c35649 (webtiles) character file.

Game seed: 1509298259904515787

12446 Dasit the Carver (level 11, -5/87 HPs)
             Began as a Vine Stalker Warper on June 15, 2019.
             Slain by an eight-headed hydra (6 damage)
             ... on level 11 of the Dungeon.
             The game lasted 00:25:09 (10834 turns).

Dasit the Carver (Vine Stalker Warper)             Turns: 10834, Time: 00:25:11

Health: -5/87      AC: 18    Str: 22    XL:     11   Next: 93%
Magic:  0/22       EV: 12    Int: 13    God:
Gold:   548        SH:  8    Dex: 17    Spells: 17/24 levels left

rFire    . . .     SeeInvis .   d - +2 demon blade (elec)
rCold    . . .     Gourm    .   w - +0 shield
rNeg     . . .     Faith    .   F - +1 acid dragon scales
rPois    .         Spirit   +   G - +1 hat
rElec    .         Reflect  .   I - +2 cloak
rCorr    +         Harm     .   H - +2 pair of gloves {Dex+3}
MR       +....                  b - +0 pair of boots
Stlth    ..........             (no amulet)
HPRegen  0.64/turn              A - +2 ring of protection
MPRegen  0.18/turn              (no ring)

@: berserking, very slightly contaminated, lightly drained, very quick
A: fangs 3, regeneration 1, magic shield, antimagic bite, no potion heal 3, rot
immunity
a: no special abilities


You were on level 11 of the Dungeon.
You were not hungry.

You visited 2 branches of the dungeon, and saw 12 of its levels.

You collected 784 gold pieces.
You spent 236 gold pieces at shops.

Inventory:

Hand Weapons
 d - a +2 demon blade of electrocution (weapon)
Missiles
 u - 7 exploding tomahawks (quivered)
 C - 3 throwing nets
Armour
 b - a +0 pair of boots (worn)
 t - a +3 ring mail of fire resistance
 w - a +0 shield (worn)
 y - the +1 leather armour "Xinilocisi" {*Contam rElec MP+9 Int+3}
   (You found it on level 8 of the Dungeon)

   It affects your intelligence (+3).
   It insulates you from electricity.
   It affects your magic capacity (+9).
   It causes magical contamination when unequipped.
 D - a +2 scale mail of magic resistance
 F - +1 acid dragon scales (worn)
 G - a +1 hat (worn)
 H - a +2 pair of gloves of dexterity (worn)
 I - a +2 cloak (worn)
 J - the +3 ring mail of Olaguhi {+Inv rN+ Dex-4}
   (You found it on level 10 of the Dungeon)

   It affects your dexterity (-4).
   It protects you from negative energy.
   It lets you turn invisible.
Jewellery
 A - a +2 ring of protection (left hand)
Wands
 i - a wand of enslavement (6)
 n - a wand of flame (8)
 s - a wand of acid (8)
 x - a wand of digging (7)
 z - a wand of disintegration (16)
Scrolls
 e - a scroll of fear {unknown}
 k - 5 scrolls of remove curse
 m - 8 scrolls of teleportation
 o - 3 scrolls of amnesia
 E - a scroll of magic mapping
Potions
 c - 2 potions of magic
 g - a potion of lignification
 h - 9 potions of curing
 j - 2 potions of flight
 l - 3 potions of might
 p - a potion of brilliance
 q - 2 potions of resistance
 v - 2 potions of agility
Miscellaneous
 B - a phantom mirror
Comestibles
 a - 10 chunks of flesh
 f - 19 rations


   Skills:
 * Level 6.8(6.4) Fighting
 + Level 8.0(7.6) Long Blades
 - Level 0.8(0.5) Throwing
 + Level 4.7(4.3) Armour
 * Level 5.9(5.6) Dodging
 + Level 0.6(0.3) Shields
 * Level 7.1(6.7) Spellcasting
 * Level 6.5(6.2) Charms
 * Level 6.9(6.5) Translocations
 * Level 4.0(3.6) Evocations


You had 17 spell levels left.
You knew the following spells:

 Your Spells              Type           Power        Failure   Level  Hunger
a - Blink                 Tloc           N/A          14%         2    #......
b - Shroud of Golubria    Chrm/Tloc      ###.......   14%         2    #......
c - Teleport Other        Tloc           ###.....     26%         3    ###....

Your spell library contained the following spells:

 Spells                   Type           Power        Failure   Level  Hunger
 Gell's Gravitas          Tloc           ###.......   26%         3    ###....
 Lesser Beckoning         Tloc           ###.......   26%         3    ###....
 Passage of Golubria      Tloc           N/A          65%         4    ####...
 Sting                    Conj/Pois      #...         78%         1    None
 Poisonous Vapours        Pois/Air       #.....       89%         2    #......
 Conjure Flame            Conj/Fire      #.......     98%         3    ###....
 Mephitic Cloud           Conj/Pois/Air  #.......     98%         3    ###....
 Olgreb's Toxic Radiance  Pois           #.......     100%        4    ####...
 Bolt of Magma            Conj/Fire/Erth #.........   100%        5    ######.
 Iskenderun's Battlesphe  Conj/Chrm      ##......     100%        5    ######.
 Venom Bolt               Conj/Pois      #.........   100%        5    ######.
 Freezing Cloud           Conj/Ice/Air   #.........   100%        6    #######
 Iron Shot                Conj/Erth      #.........   100%        6    #######
 Orb of Destruction       Conj           #.........   100%        7    #######
 Ring of Flames           Chrm/Fire      ##........   100%        7    #######
 Spellforged Servitor     Conj/Summ      #.........   100%        7    #######


Dungeon Overview and Level Annotations

Branches:
Dungeon (11/15)            Temple (1/1) D:6             Orc (0/2) D:11
   Lair: D:8-11

Altars:
Ashenzari
Cheibriados
Dithmenos
Elyvilon
Fedhas
Gozag
Hepliaklqana
Kikubaaqudgha
Makhleb
Nemelex Xobeh
Okawaru
Qazlal
Ru
Sif Muna
Trog
Uskayaw
Vehumet
Wu Jian
Xom
Yredelemnul
Zin
The Shining One

Shops:
D:11 [


Innate Abilities, Weirdness & Mutations

You have razor-sharp teeth.
Your natural rate of healing is unusually fast.
When hurt, damage is shared between your health and your magic reserves.
Your bite disrupts and absorbs the magic of your enemies.
Potions cannot restore your health.
You are immune to rotting.


Message History

You block the eight-headed hydra's attack.
The eight-headed hydra bites you!
* * * LOW HITPOINT WARNING * * *
Unknown command.
Okay, then.
Okay, then.
A red film seems to cover your vision as you go berserk!
You feel yourself moving faster!
You feel mighty!
You block the eight-headed hydra's attack.
The eight-headed hydra bites you.
* * * LOW HITPOINT WARNING * * *
The eight-headed hydra bites you!
* * * LOW HITPOINT WARNING * * *
The eight-headed hydra bites you but does no damage.
The eight-headed hydra bites you.
* * * LOW HITPOINT WARNING * * *
The eight-headed hydra closely misses you.
You block the eight-headed hydra's attack.
The eight-headed hydra bites you.
You die...

...#
#.#.##)########.#
#..#
#....#.....>....#
#..#
#.........#).....
#..#
#....#.#....)....
#..#
#.####.#..#.))...
######..# #.#
#..........#
5.......# #.#
###..###.###
.######.#####.#
#..# #.###
#.....D@.# #..#
#<... #$....####
#.....####
#.###.# #.## . #
... #.# #. # ####
#.# #. # #.# #
### . #


You could see an eight-headed hydra.

Vanquished Creatures
  Gastronok (D:9)
  Harold (D:8)
  2 two-headed ogres
  An ugly thing (D:11)
  Joseph (D:10)
  Psyche (D:10)
  A hornet (D:8)
  2 trolls (D:9)
  Prince Ribbit (D:7)
  2 hippogriffs (D:9)
  A shadow (D:10)
  2 wyverns
  12 yaks
  A spriggan (D:9)
  A steam dragon (D:11)
  Menkaure (D:7)
  Edmund (D:5)
  An orc warrior (D:8)
  A black bear (D:9)
  3 phantoms
  2 ice beasts
  6 ogres
  4 sky beasts
  3 centaurs
  Blork the orc (D:4)
  5 bullfrogs
  3 killer bees (D:10)
  2 scorpions
  10 wights
  2 vampire bats (D:9)
  3 howler monkeys
  11 crimson imps
  2 jellies
  2 hounds
  6 orc wizards
  4 orc priests
  A bullfrog skeleton (D:5)
  5 iguanas
  7 worker ants
  A killer bee zombie (D:7)
  A howler monkey skeleton (D:9)
  10 adders
  2 shadow imps
  A white imp (D:10)
  An ooze (D:2)
  4 worms
  3 dart slugs
  5 leopard geckos
  21 orcs
  4 ball pythons
  2 giant cockroaches
  3 goblins
  7 hobgoblins
  4 jackals
  5 quokkas
  15 bats
  3 frilled lizards
  11 kobolds
  5 rats
224 creatures vanquished.

Vanquished Creatures (others)
  An orc (D:11)
1 creature vanquished.

Grand Total: 225 creatures vanquished

Notes
Turn   | Place    | Note
-------+----------+-------------------------------------------
     0 | D:1      | Dasit the Vine Stalker Warper began the quest for the Orb.
     0 | D:1      | Reached XP level 1. HP: 11/11 MP: 4/4
    17 | D:1      | Reached skill level 2 in Long Blades
   269 | D:1      | Reached XP level 2. HP: 11/15 MP: 4/6
   906 | D:1      | Reached XP level 3. HP: 18/18 MP: 7/7
  1372 | D:2      | Learned a level 2 spell: Blink
  1375 | D:2      | Learned a level 2 spell: Shroud of Golubria
  1529 | D:2      | Noticed an ogre
  1536 | D:2      | Killed an ogre
  1536 | D:2      | Reached skill level 1 in Armour
  1536 | D:2      | Gained mutation: Your natural rate of healing is unusually
                  | fast. [Vine Stalker growth]
  1536 | D:2      | Reached XP level 4. HP: 20/23 MP: 7/9
  1536 | D:2      | Reached XP level 5. HP: 23/27 MP: 7/10
  1889 | D:2      | You fall through a shaft for 2 floors!
  1898 | D:4      | Reached skill level 1 in Charms
  2976 | D:3      | Reached XP level 6. HP: 21/32 MP: 8/11
  3693 | D:4      | Reached skill level 3 in Long Blades
  3772 | D:4      | Noticed a phantom
  3894 | D:4      | Noticed Blork the orc
  3978 | D:4      | Killed Blork the orc
  3978 | D:4      | Reached XP level 7. HP: 34/36 MP: 12/12
  4425 | D:5      | Entered Level 5 of the Dungeon
  4519 | D:5      | Found a hazy altar of Hepliaklqana.
  4768 | D:5      | Gained mutation: You have razor-sharp teeth. [Vine Stalker
                  | growth]
  4768 | D:5      | Reached XP level 8. HP: 36/42 MP: 11/14
  4836 | D:5      | Noticed Edmund
  4934 | D:5      | Killed Edmund
  5250 | D:5      | Noticed a yak
  5250 | D:5      | Noticed a yak
  5250 | D:5      | Noticed a yak
  5251 | D:5      | Noticed a yak
  5385 | D:4      | Killed a yak
  5392 | D:4      | Killed a yak
  5393 | D:4      | Killed a yak
  5393 | D:4      | Reached skill level 4 in Long Blades
  5472 | D:5      | Killed a yak
  5568 | D:5      | Found a radiant altar of Vehumet.
  5624 | D:5      | Reached XP level 9. HP: 39/46 MP: 13/17
  5988 | D:6      | Found a shadowy altar of Dithmenos.
  6096 | D:6      | Found a staircase to the Ecumenical Temple.
  6111 | Temple   | Entered the Ecumenical Temple
  6716 | D:6      | Identified a scroll of acquirement
  6759 | D:7      | Noticed Menkaure
  6764 | D:7      | Killed Menkaure
  6790 | D:7      | Found a sparkling altar of Nemelex Xobeh.
  6799 | D:7      | Reached skill level 5 in Spellcasting
  6799 | D:7      | Reached skill level 5 in Translocations
  6867 | D:7      | Noticed Prince Ribbit
  6877 | D:7      | Killed Prince Ribbit
  6923 | D:7      | Reached skill level 5 in Long Blades
  7356 | D:7      | Reached skill level 5 in Fighting
  7579 | D:8      | Noticed a two-headed ogre
  7592 | D:8      | Killed a two-headed ogre
  7592 | D:8      | Reached skill level 1 in Evocations
  7592 | D:8      | Reached XP level 10. HP: 35/51 MP: 14/19
  7666 | D:8      | Got a faintly glowing leather armour
  7677 | D:8      | Identified the +1 leather armour "Xinilocisi" {*Contam
                  | rElec MP+9 Int+3} (You found it on level 8 of the Dungeon)
  7963 | D:8      | Paralysed by a hornet for 2 turns
  8064 | D:8      | Found an opulent altar of Gozag.
  8128 | D:8      | Noticed Harold
  8132 | D:8      | Reached skill level 5 in Charms
  8148 | D:8      | Killed Harold
  8148 | D:8      | Reached skill level 6 in Long Blades
  8148 | D:8      | Reached skill level 5 in Dodging
  8778 | D:8      | Learned a level 3 spell: Teleport Other
  8963 | D:9      | Found an ancient bone altar of Kikubaaqudgha.
  8981 | D:9      | Found an iron altar of Okawaru.
  8986 | D:9      | Found a basalt altar of Yredelemnul.
  8987 | D:9      | Found a shattered altar of Ashenzari.
  8987 | D:9      | Found a burning altar of Makhleb.
  8996 | D:9      | Found a snail-covered altar of Cheibriados.
  8996 | D:9      | Found a glowing silver altar of Zin.
  9077 | D:9      | Found a hide-covered altar of Uskayaw.
  9133 | D:9      | Reached XP level 11. HP: 56/56 MP: 21/21
  9383 | D:9      | Noticed Gastronok
  9404 | D:9      | Killed Gastronok
  9404 | D:9      | Reached skill level 7 in Long Blades
  9792 | D:10     | Entered Level 10 of the Dungeon
  9842 | D:10     | Noticed Psyche
  9854 | D:10     | Killed Psyche
  9894 | D:10     | Noticed Joseph
  9897 | D:10     | Got a pitted ring mail
  9923 | D:9      | Identified the +3 ring mail of Olaguhi {+Inv rN+ Dex-4}
                  | (You found it on level 10 of the Dungeon)
  9988 | D:10     | Killed Joseph
 10164 | D:10     | Noticed a two-headed ogre
 10175 | D:10     | Killed a two-headed ogre
 10555 | D:11     | Found Fojoe's Armour Shop.
 10557 | D:11     | Found a staircase to the Orcish Mines.
 10562 | D:11     | Noticed a white ugly thing
 10578 | D:11     | Killed a white ugly thing
 10624 | D:11     | Bought a +2 pair of gloves of dexterity for 236 gold pieces
 10793 | D:11     | Reached skill level 8 in Long Blades
 10820 | D:11     | Noticed a seven-headed hydra
 10834 | D:11     | HP: 2/87 [eight-headed hydra (6)]
 10834 | D:11     | Slain by an eight-headed hydra

Skill      XL: |  1  2  3  4  5  6  7  8  9 10 11 |
---------------+----------------------------------+-----
Long Blades    | 2 3 4 5 6 8 |  8.0
Dodging        | 2 3 4 5 |  5.9
Fighting       | 2 3 4 5 6 |  6.8
Armour         | 1 2 3 4 |  4.7
Charms         | 1 2 3 4 5 6 |  6.5
Spellcasting   | 3 4 5 6 7 |  7.1
Translocations | 4 5 6 |  6.9
Evocations     | 1 2 4 |  4.0
Throwing       | |  0.8
Shields        | |  0.6

Action                   |  1- 3 |  4- 6 |  7- 9 | 10-12 || total
-------------------------+-------+-------+-------+-------++-------
Melee: Falchion          |    88 |   220 |   182 |       ||   490
       Bite              |    30 |    72 |   110 |   116 ||   328
       Demon blade       |       |       |    59 |   347 ||   406
       Long sword        |       |       |    59 |       ||    59
Throw: Tomahawk          |       |       |     5 |     1 ||     6
 Cast: Shroud of Golubri |       |     4 |    27 |    31 ||    62
Evoke: Wand              |       |       |       |     1 ||     1
  Use: Scroll            |     4 |     9 |     7 |     4 ||    24
       Potion            |       |       |     1 |     1 ||     2
 Stab: Sleeping          |     2 |       |       |       ||     2
  Eat: Chunk             |     2 |     8 |    14 |    12 ||    36
Armor: Leather armour    |    16 |    25 |       |       ||    41
       Ring mail         |       |    28 |    53 |    14 ||    95
       Scale mail        |       |       |    12 |    72 ||    84
       Acid dragon scale |       |       |       |   130 ||   130
Dodge: Dodged            |    68 |   120 |   189 |   168 ||   545
Block: Shield            |       |       |       |    96 ||    96
       Rpst.: Falchion   |    24 |    42 |    41 |       ||   107
       Long sword        |       |       |    12 |       ||    12
       Demon blade       |       |       |     7 |    47 ||    54
